 Dungeon Crawl Stone Soup version 0.26.1-2-gb8aa6d0cf2 (webtiles) character file.

Game seed: 255666997218081370

2774 Gadfly the Cudgeller (level 9, 0/78 (87) HPs)
             Began as a Troll Artificer on Feb 24, 2021.
             Was an Initiate of Gozag.
             Slain by Harold
             ... wielding a +0 scimitar
              (15 damage)
             ... on level 8 of the Dungeon.
             The game lasted 00:15:06 (8892 turns).

Gadfly the Cudgeller (Troll Artificer)              Turns: 8892, Time: 00:15:06

HP:   0/78 (87)     AC:  8    Str: 24    XL:     9   Next: 42%
MP:   8/8           EV: 14    Int:  7    God:    Gozag
Gold: 1099          SH:  0    Dex: 11    Spells: 6/8 levels left

rFire    + . .     SeeInvis .   b - +0 whip (venom)
rCold    . . .     Faith    .   (no shield)
rNeg     . . .     Spirit   .   n - +1 robe
rPois    .         Reflect  .   p - +1 hat
rElec    .         Harm     .   B - scarf {repulsion}
rCorr    .         Rampage  .   (gloves unavailable)
Will     .....                  (boots unavailable)
Stlth    +.........             (no amulet)
HPRegen  0.63/turn              k - +4 ring of evasion
MPRegen  0.11/turn              s - ring of protection from fire

@: marked, heavily drained, repel missiles
A: large, unfitting armour, claws 3, regeneration 1, shaggy fur 1, tough skin 3
a: Renounce Religion, Potion Petition, Call Merchant, Bribe Branch


You were on level 8 of the Dungeon.
You worshipped Gozag.
Gozag was most pleased with you.
You visited 2 branches of the dungeon, and saw 9 of its levels.

You collected 1226 gold pieces.
You spent 38 gold pieces at shops.
You paid 89 gold pieces to Gozag.

Inventory:

Hand Weapons
 a - a +0 flail
 b - a +0 whip of venom (weapon)
Armour
 n - a +1 robe (worn)
 p - a +1 hat (worn)
 B - a scarf of repulsion (worn)
Jewellery
 i - an uncursed ring of fire
 k - a +4 ring of evasion (left claw)
 r - an uncursed ring of flight
 s - a ring of protection from fire (right claw)
Wands
 c - a wand of flame (13) (quivered)
 d - a wand of enslavement (15)
 e - a wand of random effects (15)
 z - a wand of polymorph (4)
 A - a wand of iceblast (8)
Scrolls
 l - a scroll of fear
 m - 6 scrolls of remove curse
 o - 3 scrolls of teleportation
 t - a scroll of enchant armour
 w - a scroll of fog
 y - a scroll of summoning
 C - a scroll of blinking
 D - 2 scrolls of identify
Potions
 f - 2 potions of invisibility {unknown}
 g - a potion of cancellation
 h - a potion of attraction
 j - 2 potions of heal wounds
 q - 2 potions of curing
 u - a potion of berserk rage {unknown}
 v - a potion of haste {unknown}
 x - 2 potions of might {unknown}


   Skills:
 + Level 4.9 Fighting
 * Level 7.3 Maces & Flails
 + Level 5.0 Armour
 - Level 1.9 Dodging
 - Level 0.3 Stealth
 + Level 4.6 Evocations


You had 6 spell levels left.
You knew the following spells:

 Your Spells              Type           Power        Failure   Level
a - Wereblood             Tmut           0%           56%         2

Your spell library contained the following spells:

 Spells                   Type           Power        Failure   Level
 Beastly Appendage        Tmut           0%           43%         1
 Spider Form              Tmut/Pois      0%           80%         3
 Ice Form                 Ice/Tmut       0%           99%         4
 Blade Hands              Tmut           0%           100%        5


Dungeon Overview and Level Annotations

Branches:
Dungeon (8/15)             Temple (1/1) D:4
   Lair: D:8-11

Altars:
Ashenzari
Cheibriados
Elyvilon
Fedhas
Gozag
Kikubaaqudgha
Qazlal
Sif Muna
Uskayaw
Vehumet
Wu Jian
Xom
Yredelemnul
Zin
The Shining One

Shops:
D:4 (

Annotations:
D:7 2 runed translucent doors, BabaBalenciYaga's ghost, novice OgIE
D:8 Harold; Pikel


Innate Abilities, Weirdness & Mutations

You are too large for most types of armour.
You have claws for hands.
Your natural rate of healing is unusually fast.
You are covered in fur. (AC +1)
You have extremely tough skin. (AC +3)


Message History

Harold is moderately wounded.
You feel sick.
Unknown command.
You feel better. Harold closely misses you.
You hit Harold.
Harold looks as sick as possible!
Harold is moderately wounded.
Harold points at you and mumbles some strange words.
The mark upon you grows brighter.
You hit Harold but do no damage.
Harold is moderately wounded.
An orc comes into view. It is wielding a +0 dagger.
Harold hits you with a +0 scimitar!
* * * LOW HITPOINT WARNING * * *
You hit Harold but do no damage.
Harold looks as sick as possible!
Harold is heavily wounded.
You hit Harold but do no damage.
Harold looks as sick as possible!
Harold is heavily wounded.
Harold hits you with a +0 scimitar!
You die...
Your body crumbles into a pile of gold.

####)ยงยง.(#.......##
...#######.###..... ..
.).# ##.....### .### #.##
#..##### #5..## #.# #..#
#.....# #.# #..# .......
#.#######..###### .o.....
.......)........##5......
.......###.####.@@K.....#
##.######..####.##o......
##...<..........# .......
##........####### ...(...
..........# #.....#
###.......# #...##
#.......# #### #.......#
#.......#


You could see Harold (extremely poisoned), Pikel, a quasit and 2 orcs.

Vanquished Creatures
  Prince Ribbit (D:8)
  2 orc warriors (D:7)
  2 ice beasts
  3 sky beasts
  A phantom (D:7)
  4 ogres
  3 centaurs (D:8)
  4 lemures
  2 bullfrogs
  5 wights (D:8)
  A howler monkey (D:7)
  A gnoll shaman (D:7)
  A quasit (D:7)
  A jelly (D:6)
  2 orc priests
  6 hounds
  3 orc wizards
  An iguana (D:3)
  6 worker ants
  A killer bee zombie (D:7)
  A worker ant zombie (D:6)
  10 gnolls
  6 adders
  A shadow imp (D:5)
  3 white imps
  An ufetubus (D:8)
  An ooze (D:1)
  An adder zombie (D:6)
  A worm (D:5)
  5 leopard geckos
  16 orcs
  5 bats
  5 giant cockroaches
  3 goblins
  8 hobgoblins
  9 jackals
  4 kobolds
  2 quokkas
  2 ball pythons
  A ball python zombie (D:6)
  4 frilled lizards
  A giant cockroach zombie (D:5)
  4 rats
144 creatures vanquished.

Vanquished Creatures (others)
  4 plants (D:3)
4 creatures vanquished.

Grand Total: 148 creatures vanquished

Notes
Turn   | Place    | Note
-------+----------+-------------------------------------------
     0 | D:1      | Gadfly the Troll Artificer began the quest for the Orb.
     0 | D:1      | Reached XP level 1. HP: 18/18 MP: 0/0
   356 | D:1      | Reached skill level 1 in Fighting
   356 | D:1      | Reached XP level 2. HP: 26/27 MP: 1/1
   858 | D:1      | Reached skill level 1 in Maces & Flails
  1045 | D:2      | Found a radiant altar of Vehumet.
  1069 | D:2      | Reached skill level 1 in Armour
  1151 | D:2      | Reached XP level 3. HP: 33/33 MP: 2/2
  1988 | D:3      | Reached skill level 2 in Maces & Flails
  1988 | D:3      | Reached XP level 4. HP: 36/42 MP: 3/3
  2096 | D:3      | Found a faded altar of an unknown god.
  2251 | D:3      | Noticed a sky beast
  2271 | D:3      | Killed a sky beast
  2272 | D:3      | Reached XP level 5. HP: 20/49 MP: 4/4
  3419 | D:4      | Found a staircase to the Ecumenical Temple.
  3429 | Temple   | Entered the Ecumenical Temple
  3456 | Temple   | Became a worshipper of Gozag Ym Sagoz the Greedy
  3525 | D:4      | Noticed an ogre
  3537 | D:4      | Killed an ogre
  3538 | D:4      | Reached skill level 3 in Maces & Flails
  3538 | D:4      | Reached XP level 6. HP: 39/59 MP: 5/5
  3675 | D:4      | Found a glowing silver altar of Zin.
  3813 | D:4      | Found Osinueh's Weapon Shop.
  3981 | D:4      | Found a faded altar of an unknown god.
  3981 | D:4      | Found a stormy altar of Qazlal.
  3987 | D:4      | Found a shimmering blue altar of Sif Muna.
  3989 | D:4      | Found an ornate altar of the Wu Jian Council.
  3991 | D:4      | Found a snail-covered altar of Cheibriados.
  4040 | D:4      | Bought a +0 flail for 38 gold pieces
  4286 | D:5      | Entered Level 5 of the Dungeon
  4292 | D:5      | Reached XP level 7. HP: 66/66 MP: 6/6
  4370 | D:5      | Reached skill level 4 in Maces & Flails
  4587 | D:5      | Learned a level 2 spell: Wereblood
  5223 | D:5      | Found a hide-covered altar of Uskayaw.
  5697 | D:6      | Reached skill level 5 in Maces & Flails
  5697 | D:6      | Reached XP level 8. HP: 75/75 MP: 7/7
  6955 | D:7      | Reached skill level 6 in Maces & Flails
  7698 | D:7      | Reached XP level 9. HP: 78/85 MP: 8/8
  7859 | D:7      | Found a large runed translucent door.
  7859 | D:7      | Found a large runed translucent door.
  7861 | D:7      | Noticed BabaBalenciYaga's ghost (novice OgIE)
  7907 | D:7      | Found a shimmering altar of Xom.
  8211 | D:8      | Noticed Pikel
  8290 | D:8      | Noticed Prince Ribbit
  8312 | D:8      | Killed Prince Ribbit
  8468 | D:8      | Reached skill level 7 in Maces & Flails
  8502 | D:8      | Found a blossoming altar of Fedhas.
  8798 | D:8      | Found a white marble altar of Elyvilon.
  8810 | D:8      | Reached skill level 5 in Armour
  8859 | D:8      | Noticed Harold
  8892 | D:8      | Slain by Harold

Illustrated notes

Levels and vault maps discovered:
D:1:      dpeg_arrival_castle, layout_basic, nrook_uturn, fountainhead
D:2:      layout_basic, nicolae_overflow_crystal_walls
D:3:      layout_basic, chequers_ecumenical_altar_simple, serial_forest,
          infiniplex_forest_straight_2, infiniplex_forest_clump_double,
          infiniplex_forest_corner_2, infiniplex_forest_clump_large,
          infiniplex_forest_clump_small, infiniplex_forest_join,
          infiniplex_forest_straight_1, infiniplex_forest_straight_4
D:4:      layout_basic, zin_statuary, chequers_temple_overflow_minitemple,
          minmay_temple_entry_poolview, serial_shops, shop
D:5:      layout_loops_ring, eat_drink_and_be_merry_uskayaw
D:6:      layout_loops_ring
D:7:      layout_loops_ring, kennysheep_mini, ebering_ghost_disaster_area
D:8:      layout_rooms, nzn_hepliaklqana_mist_gate, fedhas_altar_3,
          kennysheep_little_box, uniq_pikel, uniq_harold, uniq_prince_ribbit1
Temple:   compressed_dpeg_circular_temple

Skill      XL: |  1  2  3  4  5  6  7  8  9 |
---------------+----------------------------+-----
Fighting       | 1 2 3 4 |  4.9
Maces & Flails | 1 2 3 5 6 7 |  7.3
Armour         | 1 2 3 4 5 |  5.0
Evocations     | 3 4 |  4.6
Dodging        | |  1.9
Stealth        | |  0.3

Action                   |  1- 3 |  4- 6 |  7- 9 || total
-------------------------+-------+-------+-------++-------
Melee: Club              |    34 |       |       ||    34
       Mace              |    52 |       |       ||    52
       Dagger            |    28 |   129 |    72 ||   229
       Whip              |       |       |   428 ||   428
       Flail             |       |       |    90 ||    90
Evoke: Wand              |       |       |     2 ||     2
  Use: Scroll            |     4 |     7 |     7 ||    18
       Potion            |     1 |     2 |     1 ||     4
 Stab: Sleeping          |     1 |     1 |       ||     2
Armor: Robe              |    53 |    28 |   155 ||   236
Dodge: Dodged            |    78 |    75 |   413 ||   566
